| TOP OF THE 1ST |
|
Montreal Expos batting - Pitching for Kansas City Royals : RHP Matt Evans
|
|
Pitching: RHP Matt Evans
|
|
|
Batting: RHB Robby Juarez
|
0-0: Called Strike 0-1: Swinging Strike 0-2: Foul Ball, location: 2F 0-2: Foul Ball, location: 2F 0-2: Strikes out swinging
|
|
Batting: SHB Pete Barutha
|
0-0: Foul Ball, location: 2F 0-1: Called Strike 0-2: Ball 1-2: Foul Ball, location: 2F 1-2: Ball 2-2: Foul Ball, location: 2F 2-2: Foul Ball, location: 2F 2-2: Fly out, F8 (Flyball, 8LS, EV 83.8 MPH)
|
|
Batting: RHB Mike Salmon
|
0-0: Called Strike 0-1: Ball 1-1: Foul Ball, location: 2F 1-2: Strikes out swinging
|
| Top of the 1st over - 0 runs, 0 hits, 0 errors, 0 left on base; Montreal 0 - Kansas City 0 |
| BOTTOM OF THE 1ST |
|
Kansas City Royals batting - Pitching for Montreal Expos : LHP James Fisher
|
|
Pitching: LHP James Fisher
|
|
|
Batting: RHB Aaron Matthews
|
0-0: Called Strike 0-1: Foul Ball, location: 2F 0-2: Ball 1-2: Ball 2-2: Ground out 6-3 (Groundball, 6, EV 89.4 MPH)
|
|
Batting: SHB Gareth Busby
|
0-0: DOUBLE (Flyball, 89XD, EV 111.3 MPH)
|
|
Batting: LHB Mike Meyerhoff
|
0-0: Fly out, F2 (Popup, 23F, EV 81.9 MPH)
|
|
Batting: SHB Tony Prado
|
0-0: Called Strike 0-1: Ball 1-1: Ground out 6-3 (Groundball, 6, EV 85.0 MPH)
|
| Bottom of the 1st over - 0 runs, 1 hit, 0 errors, 1 left on base; Montreal 0 - Kansas City 0 |
| TOP OF THE 2ND |
|
Montreal Expos batting - Pitching for Kansas City Royals : RHP Matt Evans
|
|
Batting: RHB Hugo Bautista
|
0-0: Foul Ball, location: 2F 0-1: Swinging Strike 0-2: Foul Ball, location: 2F 0-2: Fly out, F3 (Popup, 3F, EV 70.6 MPH)
|
|
Batting: LHB Jimmy Buscemi
|
0-0: Ball 1-0: Foul Ball, location: 2F 1-1: SINGLE (Line Drive, 34D, EV 97.5 MPH)
|
|
Batting: RHB Martin Chavez
|
0-0: Ball 1-0: Foul Ball, location: 2F 1-1: Foul Ball, location: 2F 1-2: 2-RUN HOME RUN (Flyball, 9LD, EV 91.9 MPH), Distance : 336 ft
|
|
Batting: RHB John Ham
|
0-0: Swinging Strike 0-1: Ball 1-1: Swinging Strike 1-2: SINGLE (Groundball, 6M, EV 103.8 MPH)
|
|
Batting: RHB Wen-hua Lei
|
0-0: Called Strike 0-1: Swinging Strike 0-2: Ball 1-2: Ball 2-2: Grounds into double play, 4-6-3 (Groundball, 4, EV 83.8 MPH)
|
| Top of the 2nd over - 2 runs, 3 hits, 0 errors, 0 left on base; Montreal 2 - Kansas City 0 |
| BOTTOM OF THE 2ND |
|
Kansas City Royals batting - Pitching for Montreal Expos : LHP James Fisher
|
|
Batting: RHB Adam Martin
|
0-0: Ground out 1-3 (Groundball, 34S, EV 70.0 MPH)
|
|
Batting: RHB Jordan Diaz
|
0-0: Foul Ball, location: 2F 0-1: Ground out 5-3 (Groundball, 5, EV 80.6 MPH)
|
|
Batting: RHB Alberto Rosales
|
0-0: Ball 1-0: Called Strike 1-1: Ball 2-1: Fly out, F9 (Flyball, 89M, EV 91.9 MPH)
|
| Bottom of the 2nd over - 0 runs, 0 hits, 0 errors, 0 left on base; Montreal 2 - Kansas City 0 |
| TOP OF THE 3RD |
|
Montreal Expos batting - Pitching for Kansas City Royals : RHP Matt Evans
|
|
Batting: SHB Bran Stark
|
0-0: Called Strike 0-1: Foul Ball, location: 2F 0-2: Foul Ball, location: 2F 0-2: Strikes out swinging
|
|
Batting: RHB Robby Juarez
|
0-0: Called Strike 0-1: Called Strike 0-2: Strikes out looking
|
|
Batting: SHB Pete Barutha
|
0-0: Ball 1-0: Ground out 1-3 (Groundball, 13, EV 58.8 MPH)
|
| Top of the 3rd over - 0 runs, 0 hits, 0 errors, 0 left on base; Montreal 2 - Kansas City 0 |
| BOTTOM OF THE 3RD |
|
Kansas City Royals batting - Pitching for Montreal Expos : LHP James Fisher
|
|
Batting: SHB Gil Switzer
|
0-0: Ball 1-0: Ball 2-0: Called Strike 2-1: Ball 3-1: Fly out, F7 (Flyball, 78S, EV 83.1 MPH)
|
|
Batting: RHB Imbart Faber
|
0-0: Foul Ball, location: 2F 0-1: Foul Ball, location: 2F 0-2: Ball 1-2: Strikes out looking
|
|
Batting: RHB Aaron Matthews
|
0-0: Ball 1-0: Called Strike 1-1: Called Strike 1-2: Foul Ball, location: 2F 1-2: Ground out 5-3 (Groundball, 56, EV 100.0 MPH)
|
| Bottom of the 3rd over - 0 runs, 0 hits, 0 errors, 0 left on base; Montreal 2 - Kansas City 0 |
| TOP OF THE 4TH |
|
Montreal Expos batting - Pitching for Kansas City Royals : RHP Matt Evans
|
|
Batting: RHB Mike Salmon
|
0-0: Called Strike 0-1: Ball 1-1: Foul Ball, location: 2F 1-2: SINGLE (Flyball, 78S, EV 93.8 MPH)
|
|
Batting: RHB Hugo Bautista
|
0-0: Ball 1-0: Called Strike 1-1: Ball 2-1: SINGLE (Groundball, 25, EV 66.3 MPH) (infield hit) Mike Salmon to second
|
|
Batting: LHB Jimmy Buscemi
|
0-0: Grounds into double play, 3-6-1 (Groundball, 3, EV 106.9 MPH) Mike Salmon to third
|
|
Batting: RHB Martin Chavez
|
0-0: Ground out 6-3 (Groundball, 6M, EV 84.4 MPH)
|
| Top of the 4th over - 0 runs, 2 hits, 0 errors, 1 left on base; Montreal 2 - Kansas City 0 |
| BOTTOM OF THE 4TH |
|
Kansas City Royals batting - Pitching for Montreal Expos : LHP James Fisher
|
|
Batting: SHB Gareth Busby
|
0-0: Foul Ball, location: 2F 0-1: Fly out, F8 (Flyball, 8RM, EV 96.3 MPH)
|
|
Batting: LHB Mike Meyerhoff
|
0-0: Foul Ball, location: 2F 0-1: DOUBLE (Line Drive, 78M, EV 105.0 MPH)
|
|
Batting: SHB Tony Prado
|
0-0: Foul Ball, location: 2F 0-1: Foul Ball, location: 2F 0-2: Ball 1-2: Ball 2-2: Fly out, F8 (Flyball, 8RM, EV 86.9 MPH)
|
|
Batting: RHB Adam Martin
|
0-0: Called Strike 0-1: SINGLE (Groundball, 56D, EV 98.8 MPH) Mike Meyerhoff to third Runner from 3rd tries for Home, SAFE, throw by LF to home
|
|
Batting: RHB Jordan Diaz
|
0-0: Ball 1-0: Ball 2-0: Called Strike 2-1: Called Strike 2-2: Strikes out swinging
|
| Bottom of the 4th over - 1 run, 2 hits, 0 errors, 1 left on base; Montreal 2 - Kansas City 1 |
| TOP OF THE 5TH |
|
Montreal Expos batting - Pitching for Kansas City Royals : RHP Matt Evans
|
|
Batting: RHB John Ham
|
0-0: Called Strike 0-1: Ball 1-1: Ball 2-1: Foul Ball, location: 2F 2-2: Strikes out looking
|
|
Batting: RHB Wen-hua Lei
|
0-0: Swinging Strike 0-1: Ball 1-1: Reached on error, E5 (Groundball, 56, EV 82.5 MPH)
|
|
Batting: SHB Bran Stark
|
0-0: Ball 1-0: Ball 2-0: Foul Ball, location: 2F 2-1: Grounds into double play, 4-6-3 (Groundball, 4, EV 107.5 MPH)
|
| Top of the 5th over - 0 runs, 0 hits, 1 error, 0 left on base; Montreal 2 - Kansas City 1 |
| BOTTOM OF THE 5TH |
|
Kansas City Royals batting - Pitching for Montreal Expos : LHP James Fisher
|
|
Batting: RHB Alberto Rosales
|
0-0: Foul Ball, location: 2F 0-1: Ball 1-1: Called Strike 1-2: Foul Ball, location: 2F 1-2: Ball 2-2: Fly out, F9 (Flyball, 9S, EV 94.4 MPH)
|
|
Batting: SHB Gil Switzer
|
0-0: Called Strike 0-1: Foul Ball, location: 2F 0-2: Foul Ball, location: 2F 0-2: Strikes out looking
|
|
Batting: RHB Imbart Faber
|
0-0: Fly out, F3 (Line Drive, 3, EV 68.8 MPH)
|
| Bottom of the 5th over - 0 runs, 0 hits, 0 errors, 0 left on base; Montreal 2 - Kansas City 1 |
| TOP OF THE 6TH |
|
Montreal Expos batting - Pitching for Kansas City Royals : RHP Matt Evans
|
|
Batting: RHB Robby Juarez
|
0-0: Ball 1-0: Swinging Strike 1-1: Foul Ball, location: 2F 1-2: Ground out 6-3 (Groundball, 56, EV 103.1 MPH)
|
|
Batting: SHB Pete Barutha
|
0-0: Ball 1-0: Ball 2-0: Swinging Strike 2-1: DOUBLE (Flyball, 8LXD, EV 98.1 MPH)
|
|
Batting: RHB Mike Salmon
|
0-0: Called Strike 0-1: Ball 1-1: 2-RUN HOME RUN (Flyball, 9D, EV 98.1 MPH), Distance : 378 ft
|
|
Batting: RHB Hugo Bautista
|
0-0: Fly out, F8 (Flyball, 8RM, EV 94.4 MPH)
|
|
Batting: LHB Jimmy Buscemi
|
0-0: Ball 1-0: Ball 2-0: Called Strike 2-1: Swinging Strike 2-2: Foul Ball, location: 2F 2-2: Strikes out swinging
|
| Top of the 6th over - 2 runs, 2 hits, 0 errors, 0 left on base; Montreal 4 - Kansas City 1 |
| BOTTOM OF THE 6TH |
|
Kansas City Royals batting - Pitching for Montreal Expos : LHP James Fisher
|
|
Batting: RHB Aaron Matthews
|
0-0: Called Strike 0-1: Swinging Strike 0-2: Ball 1-2: Ball 2-2: SINGLE (Groundball, 25, EV 64.4 MPH) (infield hit)
|
|
Batting: SHB Gareth Busby
|
0-0: Swinging Strike 0-1: SINGLE (Groundball, 56D, EV 105.0 MPH) Aaron Matthews to second
|
|
Batting: LHB Mike Meyerhoff
|
0-0: Foul Ball, location: 2F 0-1: Fly out, F7 (Flyball, 78S, EV 87.5 MPH)
|
|
Batting: SHB Tony Prado
|
0-0: Called Strike 0-1: Foul Ball, location: 2F 0-2: Ball 1-2: Ball Passed Ball! Aaron Matthews to third Gareth Busby to second 2-2: Ball 3-2: Ground out 5-3 (Groundball, 5S, EV 78.1 MPH)
|
|
Batting: RHB Adam Martin
|
0-0: Fly out, F8 (Flyball, 8LD, EV 95.0 MPH)
|
| Bottom of the 6th over - 0 runs, 2 hits, 0 errors, 2 left on base; Montreal 4 - Kansas City 1 |
| TOP OF THE 7TH |
|
Montreal Expos batting - Pitching for Kansas City Royals : RHP Matt Evans
|
|
Batting: RHB Martin Chavez
|
0-0: Ball 1-0: DOUBLE (Line Drive, 7LM, EV 105.0 MPH)
|
|
Batting: RHB John Ham
|
0-0: Ball 1-0: Ball 2-0: Ball 3-0: Base on Balls
|
|
Batting: RHB Wen-hua Lei
|
0-0: Fielders Choice at 2nd, 3-6 (Groundball, 34, EV 103.1 MPH) Martin Chavez to third
|
|
Batting: SHB Bran Stark
|
0-0: Swinging Strike 0-1: Ball 1-1: Swinging Strike 1-2: SINGLE (Groundball, 34, EV 106.9 MPH) (infield hit) Martin Chavez scores Wen-hua Lei to second
|
|
Pitching: LHP John Brooks
|
|
|
Batting: RHB Robby Juarez
|
0-0: Foul Ball, location: 2F 0-1: Foul Ball, location: 2F 0-2: Strikes out swinging
|
|
Batting: SHB Pete Barutha
|
0-0: SINGLE (Flyball, 6D, EV 92.5 MPH) Wen-hua Lei to third Bran Stark to second Runner from 3rd tries for Home, SAFE, throw by LF to home
|
|
Batting: RHB Mike Salmon
|
0-0: Called Strike 0-1: Ball 1-1: Foul Ball, location: 2F 1-2: Foul Ball, location: 2F 1-2: Strikes out looking
|
| Top of the 7th over - 2 runs, 3 hits, 0 errors, 2 left on base; Montreal 6 - Kansas City 1 |
| BOTTOM OF THE 7TH |
|
Kansas City Royals batting - Pitching for Montreal Expos : LHP James Fisher
|
|
Batting: RHB Jordan Diaz
|
0-0: Ball 1-0: Called Strike 1-1: DOUBLE (Line Drive, 89XD, EV 101.3 MPH)
|
|
Batting: RHB Alberto Rosales
|
0-0: Ball 1-0: Swinging Strike 1-1: Foul Ball, location: 2F 1-2: Ball 2-2: Foul Ball, location: 2F 2-2: Foul Ball, location: 2F 2-2: Foul Ball, location: 2F 2-2: Ball 3-2: Foul Ball, location: 2F 3-2: Foul Ball, location: 2F 3-2: Base on Balls
|
|
Batting: SHB Gil Switzer
|
0-0: SINGLE (Groundball, 6D, EV 103.1 MPH) Jordan Diaz to third Alberto Rosales to second
|
|
Batting: RHB Imbart Faber
|
0-0: Foul Ball, location: 2F 0-1: Ball 1-1: Swinging Strike 1-2: Foul Ball, location: 2F 1-2: TRIPLE (Line Drive, 78XD, EV 103.1 MPH) Jordan Diaz scores Alberto Rosales scores Gil Switzer scores
|
|
Batting: RHB Aaron Matthews
|
0-0: Called Strike 0-1: Foul Ball, location: 2F 0-2: Ball 1-2: Foul Ball, location: 2F 1-2: Foul Ball, location: 2F 1-2: Ground out U3 (Groundball, 34, EV 81.9 MPH) Imbart Faber scores
|
|
Batting: SHB Gareth Busby
|
0-0: Ball 1-0: Ball 2-0: Called Strike 2-1: Ground out 4-3 (Groundball, 4M, EV 86.3 MPH)
|
|
Batting: LHB Mike Meyerhoff
|
0-0: Foul Ball, location: 2F 0-1: Ball 1-1: Ball 2-1: Ground out 4-3 (Groundball, 34, EV 102.5 MPH)
|
| Bottom of the 7th over - 4 runs, 3 hits, 0 errors, 0 left on base; Montreal 6 - Kansas City 5 |
| TOP OF THE 8TH |
|
Montreal Expos batting - Pitching for Kansas City Royals : LHP John Brooks
|
|
Batting: RHB Hugo Bautista
|
0-0: Ball 1-0: Called Strike 1-1: Ground out 5-3 (Groundball, 56, EV 81.9 MPH)
|
|
Batting: LHB Jimmy Buscemi
|
0-0: Foul Ball, location: 2F 0-1: Ground out 6-3 (Groundball, 6M, EV 85.0 MPH)
|
|
Batting: RHB Martin Chavez
|
0-0: Foul Ball, location: 2F 0-1: Called Strike 0-2: Ball 1-2: SINGLE (Line Drive, 3D, EV 96.3 MPH)
|
|
Batting: RHB John Ham
|
0-0: Ball 1-0: Swinging Strike 1-1: Ball 2-1: Foul Ball, location: 2F 2-2: Ball 3-2: Base on Balls Martin Chavez to second
|
|
Batting: RHB Wen-hua Lei
|
0-0: Foul Ball, location: 2F 0-1: Called Strike 0-2: Ball 1-2: Ball 2-2: Ball 3-2: Strikes out looking
|
| Top of the 8th over - 0 runs, 1 hit, 0 errors, 2 left on base; Montreal 6 - Kansas City 5 |
| BOTTOM OF THE 8TH |
|
Kansas City Royals batting - Pitching for Montreal Expos : LHP James Fisher
|
|
Pitching: RHP Jeff Urry
|
|
|
Batting: SHB Tony Prado
|
0-0: Foul Ball, location: 2F 0-1: Ground out U3 (Groundball, 13, EV 94.4 MPH)
|
|
Pinch Hitting: LHB Manny Estrada
|
0-0: Called Strike 0-1: Ball 1-1: Called Strike 1-2: Ball 2-2: Ball 3-2: Strikes out looking
|
|
Batting: LHB Zion Davidson
|
0-0: Ball 1-0: Ball 2-0: Called Strike 2-1: Fly out, F7 (Flyball, 7D, EV 88.1 MPH)
|
| Bottom of the 8th over - 0 runs, 0 hits, 0 errors, 0 left on base; Montreal 6 - Kansas City 5 |
| TOP OF THE 9TH |
|
Montreal Expos batting - Pitching for Kansas City Royals : LHP John Brooks
|
|
Now at 1B: Manny Estrada
|
|
|
Batting: SHB Bran Stark
|
0-0: Called Strike 0-1: Called Strike 0-2: Ball 1-2: Strikes out swinging
|
|
Batting: RHB Robby Juarez
|
0-0: Ball 1-0: Foul Ball, location: 2F 1-1: Ball 2-1: Fly out, F5 (Popup, 5F, EV 80.6 MPH)
|
|
Batting: SHB Pete Barutha
|
0-0: Foul Ball, location: 2F 0-1: Ball 1-1: Foul Ball, location: 2F 1-2: TRIPLE (Flyball, 89XD, EV 109.4 MPH)
|
|
Batting: RHB Mike Salmon
|
0-0: Foul Ball, location: 2F 0-1: Ball 1-1: SINGLE (Groundball, 6S, EV 70.6 MPH) (infield hit) Pete Barutha scores
|
|
Pitching: RHP Asa Hahn
|
|
|
Batting: RHB Hugo Bautista
|
0-0: Ball 1-0: Swinging Strike 1-1: Ball 2-1: Swinging Strike 2-2: Strikes out swinging
|
| Top of the 9th over - 1 run, 2 hits, 0 errors, 1 left on base; Montreal 7 - Kansas City 5 |
| BOTTOM OF THE 9TH |
|
Kansas City Royals batting - Pitching for Montreal Expos : RHP Jeff Urry
|
|
Pitching: RHP Alan Taylor
|
|
|
Batting: RHB Alberto Rosales
|
0-0: Called Strike 0-1: Ball 1-1: Swinging Strike 1-2: Ball 2-2: Ball 3-2: Ground out 5-3 (Groundball, 56S, EV 83.1 MPH)
|
|
Batting: SHB Gil Switzer
|
0-0: SINGLE (Flyball, 5D, EV 91.9 MPH)
|
|
Batting: RHB Imbart Faber
|
0-0: Fly out, F7 (Flyball, 7S, EV 90.6 MPH)
|
|
Batting: RHB Aaron Matthews
|
0-0: Called Strike 0-1: Swinging Strike 0-2: Ball 1-2: Ball 2-2: Strikes out swinging
|
| Bottom of the 9th over - 0 runs, 1 hit, 0 errors, 1 left on base; Montreal 7 - Kansas City 5 |
|